 Dungeon Crawl Stone Soup version 0.28-a0-1182-g381e24db82 (webtiles) character file.

Game seed: 9278048679029986402

7 lonewolfV2 the Ruffian (level 2, -2/24 HPs)
             Began as a Ghoul Gladiator on Dec 16, 2021.
             Killed by an exploding goblin (26 damage)
             ... ignited by their inner flame
             ... on level 1 of the Dungeon.
             The game lasted 00:00:23 (295 turns).

lonewolfV2 the Ruffian (Ghoul Gladiator)             Turns: 295, Time: 00:00:23

Health: -2/24      AC:  4    Str: 17    XL:     2   Next: 4%
Magic:  1/1        EV: 12    Int:  3    God:
Gold:   43         SH:  0    Dex: 10    Spells: 1/1 levels left

rFire   . . .      SeeInvis .     - Unarmed
rCold   + . .      Faith    .   (no shield)
rNeg    + + +      Spirit   .   a - +0 leather armour
rPois   ∞          Reflect  .   b - +0 helmet
rElec   .          Harm     .   (no cloak)
rCorr   .          Rampage  .   (no gloves)
Will    .....                   (no boots)
Stlth   +.........              (no amulet)
HPRegen 0.00/turn               (no ring)
MPRegen 0.07/turn               (no ring)

@: inhibited regen
A: claws 1, cold resistance 1, negative energy resistance 3, inhibited
regeneration, torment resistance 2
a: no special abilities


You were on level 1 of the Dungeon.
You visited 1 branch of the dungeon, and saw 1 of its levels.

You collected 43 gold pieces.

Inventory:

Missiles
 c - 3 throwing nets (quivered)
Armour
 a - a +0 leather armour (worn)
 b - a +0 helmet (worn)
Scrolls
 e - a scroll of immolation


   Skills:
 + Level 2.2 Fighting
 + Level 1.9 Throwing
 + Level 0.3 Armour
 + Level 2.7 Dodging
 + Level 3.5 Unarmed Combat


You had one spell level left.
You didn't know any spells.
Your spell library was empty.

Dungeon Overview and Level Annotations

Branches:
Dungeon (1/15)

Altars:


Innate Abilities, Weirdness & Mutations

You thrive by killing the living.
You are immune to poison.
You have sharp fingernails.
Your flesh is cold resistant. (rC+)
You are immune to negative energy. (rN+++)
You do not regenerate when monsters are visible.
You are immune to unholy pain and torment.


Message History

a +0 short sword; a kobold corpse A kobold is nearby!
You closely miss the kobold. The kobold closely misses you.
You claw the kobold!
You kill the kobold!
You feel better.
Things that are here:
a +0 whip; a stone; a kobold corpse You now have 16 gold pieces (gained 12).
An endoplasm comes into view.
The endoplasm quivers.
An endoplasm is nearby!
An endoplasm is nearby!
The endoplasm hits you but does no damage.
You claw the endoplasm!
You kill the endoplasm!
You have reached level 2!
You now have 28 gold pieces (gained 12).
Found a robe.
Found a stone staircase leading down.
e - 2 scrolls labelled XUESIHEGGO
Found an escape hatch in the floor.
You now have 43 gold pieces (gained 15).
A goblin comes into view. It is wielding a +0 dagger.
The goblin shouts!
A goblin is nearby!
As you read the scroll labelled XUESIHEGGO, it crumbles to dust.
The creatures around you are filled with an inner flame!
It was a scroll of immolation.
As you read the scroll labelled YHOMYS QIHAM, it crumbles to dust.
It is a scroll of identify.
You don't have any unidentified items.
A bat comes into view.
The bat moves out of view.
The goblin barely misses you.
You scratch the goblin.
The goblin explodes!
The fiery explosion engulfs you!!
Ouch! That really hurt!
You die...

#.. #.#.....#.. ##.#
...#.#.....#..
..#...#.###......
#.#...#.......... .
.....#.#######..
..#######....#.# #..
......!......#.#######..
...b..§.....##..........
#...§§@....##.#######..
#...§§§....##.# #..
#...........#.#######..
###########.#..........
#...##.......
##..##......#
#...........
#.>....#####
#####..+....


You could see a bat.

Vanquished Creatures
  3 endoplasms (D:1)
  2 goblins (D:1)
  2 kobolds (D:1)
7 creatures vanquished.

Notes
Turn   | Place    | Note
-------+----------+-------------------------------------------
     0 | D:1      | lonewolfV2 the Ghoul Gladiator began the quest for the Orb.
     0 | D:1      | Reached XP level 1. HP: 17/17 MP: 0/0
   207 | D:1      | Reached XP level 2. HP: 24/24 MP: 1/1
   295 | D:1      | Killed by an exploding goblin... ignited by their inner
                  | flame

Illustrated notes

Levels and vault maps discovered:
D:1:      tarquinn_simple_flora_water_d, layout_basic, kennysheep_pointless_box

Action                   || total
-------------------------++-------
Melee: Unarmed           ||    13
  Use: Scroll            ||     2
Armor: Leather armour    ||     3
Dodge: Dodged            ||     7

Table legend: (Time is in decaauts)
 A = Elapsed time spent in this place.
 B = Non-inter-level travel time spent in this place.
 C = Inter-level travel time spent in this place.
 D = Time resting spent in this place.
 E = Time spent auto-exploring this place.
 F = Levels seen in this place.
 G = Mean time per level.
                   A        B        C        D        E       F      G
               +--------+--------+--------+--------+--------+-----+--------+
         Total |    294 |    294 |      0 |      0 |    238 |   1 |  294.0 |
       Dungeon |    294 |    294 |      0 |      0 |    238 |   1 |  294.0 |
               +--------+--------+--------+--------+--------+-----+--------+

Top non-repeatable levels by time:
     D:1: 294 daAuts
